 Dungeon Crawl Stone Soup version 0.31-a0-986-g5e6e4ef867 (webtiles) character file.

Game seed: 10515496408186880905

25019 AppTheSpectato the Metamorph (level 12, -4/126 HPs)
             Began as a Troll Shapeshifter on Nov 7, 2023.
             Was a High Priest of the Shining One.
             Slain by a nine-headed hydra (11 damage)
             ... on level 2 of the Lair of Beasts.
             The game lasted 00:44:25 (12165 turns).

AppTheSpectato the Metamorph (Troll Shapeshifter)  Turns: 12165, Time: 00:44:26

Health: -4/126     AC:  9    Str: 29    XL:     12   Next: 85%
Magic:  11/11      EV: 14    Int:  6    God:    the Shining One [*****.]
Gold:   809        SH:  0    Dex:  9    Spells: 11/11 levels left

rFire   + .          .
                       - Unarmed
rCold   + . .        (no shield)
rNeg    + + .        N - +0 robe {rC+ rF+}
rPois   .            e - +2 hat {Stlth+}
rElec   .            u - +2 cloak {rCorr}
rCorr   +            (gloves unavailable)
SInv    .            (boots unavailable)
Will    +....        (no amulet)
Stlth   +            v - +5 ring of evasion
HPRegen 1.21/turn    G - ring of willpower
MPRegen 0.12/turn

%: no passive effects
@: confused, ambrosia-drunk, glowing
A: large, unfitting armour, claws 3, regeneration 1, shaggy fur 1, tough skin 1
a: Renounce Religion, Divine Shield, Cleansing Flame, Summon Divine Warrior


You were on level 2 of the Lair of Beasts.
You worshipped the Shining One.
The Shining One was extremely pleased with you.
You visited 4 branches of the dungeon, and saw 18 of its levels.
You also visited: Ossuary and Ice Cave.

You collected 809 gold pieces.

Inventory:

Missiles
 k - 3 curare-tipped darts (quivered)
 z - 3 throwing nets
Armour
 e - a +2 hat of stealth (worn)
 u - a +2 cloak of preservation (worn)
 D - a scarf of invisibility
 N - a +0 robe of resistance (worn)
Jewellery
 b - a ring of ice
 v - a +5 ring of evasion (left claw)
 G - a ring of willpower (right claw)
 J - a ring of poison resistance
 M - a ring of magical power
 O - a ring of ice
Talismans
 c - a beast talisman
 d - a flux talisman
 s - a maw talisman
 y - a storm talisman
Wands
 g - a wand of paralysis (16)
 C - a wand of flame (20)
 K - a wand of roots (8)
Scrolls
 a - 2 scrolls of vulnerability
 h - 3 scrolls of teleportation
 t - 3 scrolls of immolation {unknown}
 w - 3 scrolls of fog {unknown}
 B - 3 scrolls of silence {unknown}
 E - 2 scrolls of revelation {unknown}
 F - 2 scrolls of enchant armour {unknown}
 H - a scroll of poison
 I - 2 scrolls of enchant weapon
 L - a scroll of acquirement {unknown}
Potions
 i - 4 potions of mutation
 j - 2 potions of berserk rage
 l - 4 potions of curing
 m - 2 potions of brilliance
 n - 2 potions of enlightenment
 o - 2 potions of haste
 q - 2 potions of cancellation
 r - a potion of lignification
 x - a potion of invisibility
 A - 2 potions of ambrosia


   Skills:
 - Level 10.0 Fighting
 - Level 1.6 Dodging
 - Level 10.0 Unarmed Combat
 + Level 15.0 Shapeshifting


You had 11 spell levels left.
You didn't know any spells.
Your spell library contained the following spells:

 Spells                   Type           Power      Damage    Failure   Level
 Kiss of Death            Conj/Necr      0%         2d5       45%         1
 Summon Small Mammal      Summ           0%         N/A       45%         1
 Cigotuvi's Dreadful Rot  Necr/Pois/Air  0%         N/A       58%         2
 Ensorcelled Hibernation  Hex/Ice        0%         N/A       58%         2
 Passwall                 Tmut/Erth      0%         N/A       58%         2
 Scorch                   Fire           0%         2d5       58%         2
 Sublimation of Blood     Necr           0%         N/A       58%         2
 Call Canine Familiar     Summ           0%         N/A       83%         3
 Confusing Touch          Hex            0%         N/A       83%         3
 Summon Guardian Golem    Hex/Summ       0%         N/A       83%         3
 Swiftness                Air            0%         N/A       83%         3
 Animate Armour           Summ/Erth      0%         N/A       99%         4
 Dispel Undead            Necr           0%         3d6       99%         4
 Flame Wave               Conj/Fire      0%         2d4       99%         4
 Petrify                  Tmut/Erth      0%         N/A       99%         4
 Summon Lightning Spire   Summ/Air       0%         N/A       99%         4
 Irradiate                Conj/Tmut      0%         3d11      100%        5
 Lee's Rapid Deconstruct  Erth           0%         3d4*      100%        5
 Death Channel            Necr           0%         N/A       100%        6
 Summon Cactus Giant      Summ           0%         N/A       100%        6


Dungeon Overview and Level Annotations

Branches:
Dungeon (12/15)            Temple (1/1) D:5            Lair (4/5) D:10
  Snake (1/4) Lair:3      Ossuary (visited)           IceCv (visited)
  Swamp: Lair:2-3    Shoals: Lair:2-3     Slime: Lair:4-5       Orc: D:9-12

Altars:
Ashenzari
Cheibriados
Dithmenos
Elyvilon
Fedhas
Gozag
Hepliaklqana
Kikubaaqudgha
Makhleb
Nemelex Xobeh
Okawaru
Qazlal
Ru
Sif Muna
Trog
Uskayaw
Vehumet
Wu Jian
Xom
Yredelemnul
Zin
The Shining One

Shops:
D:7 (

Portals:
Trove: D:11 (show abyssal rune of Zot)

Annotations:
Temple 2 transporters


Innate Abilities, Weirdness & Mutations

You are too large for most types of armour.
You have claws for hands.
Your natural rate of healing is unusually fast.
You are covered in fur. (AC +1)
You have tough skin. (AC +1)


Message History

The nine-headed hydra misses you.
The nine-headed hydra bites you but does no damage.
The nine-headed hydra bites you.
As you read the scroll of fear, it crumbles to dust.
You assume a fearsome visage.
The nine-headed hydra easily resists.
The nine-headed hydra bites you!
* * * LOW HITPOINT WARNING * * *
The nine-headed hydra completely misses you.
The nine-headed hydra bites you!
* * * LOW HITPOINT WARNING * * *
The nine-headed hydra bites you.
* * * LOW HITPOINT WARNING * * *
The nine-headed hydra misses you.
The nine-headed hydra bites you but does no damage.
The nine-headed hydra misses you. The nine-headed hydra bites you.
* * * LOW HITPOINT WARNING * * *
The nine-headed hydra closely misses you.
Okay, then.
You feel much better. The nine-headed hydra bites you!
* * * LOW HITPOINT WARNING * * *
The nine-headed hydra bites you.
* * * LOW HITPOINT WARNING * * *
The nine-headed hydra barely misses you.
The nine-headed hydra bites you.
* * * LOW HITPOINT WARNING * * *
The nine-headed hydra closely misses you.
The nine-headed hydra misses you. The nine-headed hydra bites you.
* * * LOW HITPOINT WARNING * * *
The nine-headed hydra bites you but does no damage.
The nine-headed hydra barely misses you.
You are confused.
You feel invigorated.
The nine-headed hydra closely misses you.
The nine-headed hydra bites you!
* * * LOW HITPOINT WARNING * * *
The nine-headed hydra bites you.
* * * LOW HITPOINT WARNING * * *
The nine-headed hydra completely misses you.
The nine-headed hydra bites you!
You die...

##. #.P #.## ##
.##.#.##.#
#........##
+.........##
#..........
#......D.+
#......@.#
#...P.#+##
####....# #.D..##
##...## ###.<####
#.....#.### #.
###........##
.#.P#............


You could see a nine-headed hydra.

Vanquished Creatures
  2 two-headed ogres
  Nergalle (D:11)
  An ugly thing (D:12)
  A cyclops (D:11)
  2 manticores
  A naga mage (Lair:3)
  2 ice statues (IceCv)
  Joseph (D:7)
  A molten gargoyle (Lair:1)
  2 unseen horrors
  3 cane toads
  Psyche (D:9)
  4 komodo dragons
  A kobold demonologist (D:11)
  A polar bear (Lair:4)
  Prince Ribbit (D:5)
  A hornet (D:8)
  8 blink frogs (Lair:1)
  4 slime creatures (IceCv)
  3 shadows
  A fire elemental (D:7)
  30 yaks
  3 wraiths
  2 fire bats (D:7)
  2 basilisks
  Grum (D:11)
  5 nagas (Lair:3)
  4 great orb of eyes simulacra (IceCv)
  A hell hound (D:7)
  Duvessa (D:5)
  3 acid dragons (D:11)
  7 water moccasins
  4 ice beasts
  2 black bears
  6 orc warriors
  11 wolves
  A sky beast (D:8)
  2 ogres
  2 centaurs
  3 slime creature simulacra (IceCv)
  2 phantoms (D:6)
  4 kobold brigands (D:11)
  9 bullfrogs
  A glowing shapeshifter simulacrum (IceCv)
  9 wights (D:8)
  6 scorpions
  Dowan (D:5)
  8 killer bees (D:8)
  3 howler monkeys
  5 hounds
  2 jellies (D:5)
  2 gnoll boudas (D:8)
  9 orc priests
  Crazy Yiuf (D:5)
  4 iguanas
  2 sleepcaps (D:6)
  Natasha (thrice) (D:2)
  10 orc wizards
  3 mummies (Ossuary)
  11 gnolls
  9 adders
  A white imp (D:6)
  34 orcs
  4 ball pythons
  6 bats
  7 endoplasms
  2 giant cockroaches
  8 goblins
  6 hobgoblins
  4 jackals (D:1)
  7 quokkas
  3 training dummies (D:7)
  3 frilled lizards
  5 goblin zombies (Ossuary)
  2 hobgoblin zombies (Ossuary)
  6 kobolds
  2 kobold zombies (Ossuary)
  An orc zombie (Ossuary)
  10 rats
347 creatures vanquished.

Notes
Turn   | Place    | Note
-------+----------+-------------------------------------------
     0 | D:1      | AppTheSpectato the Troll Shapeshifter began the quest for
                  | the Orb.
     0 | D:1      | Reached XP level 1. HP: 18/18 MP: 0/0
    39 | D:1      | Reached skill level 1 in Fighting
    80 | D:1      | Reached XP level 2. HP: 24/27 MP: 1/1
   402 | D:1      | Reached XP level 3. HP: 30/33 MP: 2/2
  1008 | D:1      | Found a faded altar of an unknown god.
  1172 | D:1      | Prayed at the altar of an unknown god.
  1172 | D:1      | Became a worshipper of the Shining One
  1172 | D:1      | Reached * piety under the Shining One
  1203 | D:2      | Found an iron altar of Okawaru.
  1400 | D:2      | Reached XP level 4. HP: 42/42 MP: 3/3
  1483 | D:2      | Noticed Natasha
  1488 | D:2      | Killed Natasha
  1586 | D:2      | Noticed Natasha
  1590 | D:2      | Killed Natasha
  1591 | D:2      | Reached XP level 5. HP: 44/50 MP: 4/4
  1642 | D:2      | Noticed Natasha
  1650 | D:2      | Killed Natasha
  1651 | D:2      | Reached skill level 4 in Shapeshifting
  1706 | D:3      | Found a broken altar of Ashenzari.
  1968 | D:3      | Reached ** piety under the Shining One
  1973 | D:3      | Reached XP level 6. HP: 59/59 MP: 5/5
  2723 | D:5      | Entered Level 5 of the Dungeon
  2774 | D:5      | Noticed a water moccasin
  2783 | D:5      | Killed a water moccasin
  2784 | D:5      | Reached skill level 5 in Unarmed Combat
  2784 | D:5      | Reached skill level 5 in Shapeshifting
  2842 | D:5      | Noticed Duvessa
  2842 | D:5      | Noticed Prince Ribbit
  2842 | D:5      | Noticed Dowan
  2893 | D:5      | Killed Prince Ribbit
  2894 | D:5      | Reached XP level 7. HP: 59/68 MP: 6/6
  2901 | D:5      | Killed Dowan
  3040 | D:5      | Found a staircase to the Ecumenical Temple.
  3044 | D:5      | Reached skill level 6 in Shapeshifting
  3063 | Temple   | Found a transporter.
  3063 | Temple   | Found a transporter.
  3063 | Temple   | Found a transporter.
  3063 | Temple   | Found a transporter.
  3063 | Temple   | Entered the Ecumenical Temple
  3174 | D:5      | Reached XP level 8. HP: 77/78 MP: 7/7
  3503 | D:5      | Killed Duvessa
  3590 | D:5      | Found a runed translucent door.
  3591 | D:5      | Noticed Crazy Yiuf
  3623 | D:5      | Reached skill level 7 in Shapeshifting
  3683 | D:5      | Reached skill level 5 in Fighting
  3687 | D:5      | Reached XP level 9. HP: 53/88 MP: 5/8
  3692 | D:5      | Reached skill level 8 in Shapeshifting
  3816 | D:5      | Killed Crazy Yiuf
  4100 | D:6      | Found the +5 woodcutter's axe
  4914 | D:7      | Identified the +2 leather armour of the Blacksmith {*Slow
                  | rCorr Dex+4}
  4922 | D:7      | Noticed Joseph
  4926 | D:7      | Reached skill level 9 in Shapeshifting
  5174 | D:7      | Found a transporter.
  5211 | D:7      | Found a transporter.
  5279 | D:7      | Found Yppah's Firing Range.
  5859 | D:7      | Killed Joseph
  5860 | D:7      | Reached XP level 10. HP: 92/98 MP: 9/9
  6046 | D:7      | Found an opulent altar of Gozag.
  6047 | D:7      | Found a shadowy altar of Dithmenos.
  6048 | D:7      | Found a shimmering blue altar of Sif Muna.
  6049 | D:7      | Found a shimmering altar of Xom.
  6218 | D:7      | Reached skill level 10 in Shapeshifting
  6418 | D:8      | Noticed a two-headed ogre
  6418 | D:8      | Reached *** piety under the Shining One
  6430 | D:8      | Killed a two-headed ogre
  6499 | D:8      | Noticed a manticore
  6509 | D:8      | Killed a manticore
  6675 | D:8      | Reached skill level 11 in Shapeshifting
  6738 | D:8      | Found a sand-covered staircase.
  6749 | Ossuary  | Entered an ossuary
  6782 | Ossuary  | Reached **** piety under the Shining One
  7727 | D:9      | Noticed Psyche
  7734 | D:9      | Killed Psyche
  7735 | D:9      | Reached XP level 11. HP: 93/109 MP: 10/10
  7820 | D:10     | Entered Level 10 of the Dungeon
  7839 | D:10     | Noticed a two-headed ogre
  7847 | D:10     | Killed a two-headed ogre
  8255 | D:10     | Identified the +2 chain mail of Experimentation {rN+ Str+2}
  8296 | D:10     | Reached skill level 12 in Shapeshifting
  8381 | D:10     | Reached skill level 10 in Unarmed Combat
  8519 | D:10     | Found a staircase to the Lair.
  8704 | D:11     | Noticed Nergalle
  8704 | D:11     | Reached ***** piety under the Shining One
  8711 | D:11     | Killed Nergalle
  8760 | D:11     | Noticed Grum
  9113 | D:11     | Killed Grum
  9193 | D:11     | Found a portal to a secret trove of treasure.
  9882 | D:12     | Noticed a brown ugly thing
  9891 | D:12     | Killed a brown ugly thing
  9892 | D:12     | Reached skill level 13 in Shapeshifting
  9892 | D:12     | Reached XP level 12. HP: 123/123 MP: 11/11
  9913 | D:12     | Noticed a catoblepas
  9954 | Lair:1   | Entered Level 1 of the Lair of Beasts
  9968 | Lair:1   | Found a frozen archway.
  9977 | IceCv    | Entered an ice cave
 10829 | Lair:1   | Reached skill level 10 in Fighting
 11263 | Lair:2   | Noticed a six-headed hydra
 11351 | Lair:2   | Reached skill level 14 in Shapeshifting
 11451 | Lair:2   | You fall into a shaft and drop 2 floors!
 11889 | Lair:3   | Found a staircase to the Snake Pit.
 11905 | Lair:3   | The Shining One protects you from harm!
 12004 | Lair:5   | Identified the "Fykkaoc"
 12004 | Lair:5   | Identified the of Jugell
 12004 | Snake:1  | Entered Level 1 of the Snake Pit
 12004 | Snake:1  | Noticed a naga warrior
 12018 | Lair:3   | Reached skill level 15 in Shapeshifting
 12165 | Lair:2   | Slain by a nine-headed hydra

Illustrated notes

Levels and vault maps discovered:
D:1:      dpeg_arrival_subterranean_lakeside_camping, layout_basic,
          dilly_ecumenical_altar_fadedgnrine,
          hangedman_abyss_or_decor_lesser_grid
D:2:      layout_rooms, basic_altar, chequers_serial_rivers_micro_d,
          uniq_natasha
D:3:      layout_basic, evilmike_ruin_ashenzari
D:4:      layout_cave_pools
D:5:      layout_basic, minmay_temple_entry_steel_oval, serial_bayou,
          serial_bayou_shore_a, serial_bayou_pond_c, serial_bayou_lagoon_a,
          serial_bayou_ford_a, uniq_prince_ribbit1, uniq_duvessa,
          uniq_crazy_yiuf_cottage
D:6:      layout_basic, roderic_roman_lattice
D:7:      gammafunk_cloud_chamber, layout_rooms, mainiacjoe_overflow_alcove_3,
          enter_bailey_7, nicolae_shop_firing_range, uniq_joseph
D:8:      layout_basic, lightli_ossuary_entry_decrepit_ruins
D:9:      layout_rooms, uniq_psyche
D:10:     layout_irregular_city, lair_entry_dummy
D:11:     layout_cave_pods, nicolae_trove_entry_diagonal,
          kennysheep_generic_room_2, uniq_grum, uniq_nergalle
D:12:     minmay_the_grid_square_5x5_5x5_mashed
          [minmay_the_grid_square_5x5_inverted_slash,
          minmay_the_grid_square_5x5_bracketed,
          minmay_the_grid_square_5x5_n_small,
          minmay_the_grid_square_5x5_tri_point,
          minmay_the_grid_square_5x5_misaligned,
          minmay_the_grid_square_5x5_almost_minimal,
          minmay_the_grid_square_5x5_prize_pseudospiral,
          minmay_the_grid_square_5x5_percent,
          minmay_the_grid_square_5x5_prize_junk,
          minmay_the_grid_square_5x5_fat_x, minmay_the_grid_square_5x5_lines,
          minmay_the_grid_square_5x5_six, minmay_the_grid_square_5x5_prize_gold,
          minmay_the_grid_square_5x5_z, minmay_the_grid_square_5x5_two_small,
          minmay_the_grid_square_5x5_trominoes,
          minmay_the_grid_square_5x5_prize_itemx,
          minmay_the_grid_square_5x5_corner,
          minmay_the_grid_square_5x5_prize_monsterx,
          minmay_the_grid_square_5x5_minivault, minmay_the_grid_square_5x5_comb,
          minmay_the_grid_square_5x5_two, minmay_the_grid_square_5x5_minimal,
          minmay_the_grid_square_5x5_three_small,
          minmay_the_grid_square_5x5_longway], layout_long_grid, orc_0_dummy,
          uniq_rupert, uniq_josephine
Temple:   hellmonk_temple_divided_pantheon
Lair:1:   layout_gridlike, portal_ice_cave_entry_pillars_1
Lair:2:   layout_roguey
Lair:3:   layout_gridlike, minmay_shoals_entry_lonely_mermaid,
          nicolae_snake_entry_squirm, lemuel_fruit_fields, uniq_kirke
Lair:4:   pond_and_an_island_with_a_cottage, layout_cave_pods, minivault_23
Snake:1:  layout_basic, gammafunk_ghost_abyssal_escape, uniq_jorgrun,
          uniq_nikola, uniq_agnes

Skill      XL: |  1  2  3  4  5  6  7  8  9 10 11 12 |
---------------+-------------------------------------+-----
Fighting       | 1 2 3 4 5 6 7 9 10 | 10.0
Unarmed Combat | 4 5 6 8 9 10 | 10.0
Shapeshifting  | 4 5 6 7 9 11 13 15 | 15.0
Dodging        | |  1.6

Action                     |  1- 3 |  4- 6 |  7- 9 | 10-12 || total
---------------------------+-------+-------+-------+-------++-------
  Melee: Unarmed           |    74 |    93 |   238 |   587 ||   992
         Punch             |       |     3 |     7 |    51 ||    61
         Maw               |       |       |       |    29 ||    29
  Throw: Dart              |       |       |       |     1 ||     1
 Invoke: Divine Shield     |       |       |     1 |       ||     1
Ability: Begin Untransform |       |       |       |     1 ||     1
  Evoke: Wand              |       |       |       |    11 ||    11
    Use: Scroll            |       |     6 |     4 |    14 ||    24
         Potion            |       |       |       |    15 ||    15
 Armour: Animal skin       |    40 |    56 |   166 |   235 ||   497
         Skin              |       |       |       |   160 ||   160
         Robe              |       |       |       |   154 ||   154
  Dodge: Dodged            |    35 |    30 |   155 |   413 ||   633
  Block: Other             |       |       |     2 |       ||     2
   Form: Beast             |       |       |     2 |       ||     2
                           |       |       |     1 |       ||     1
         Flux              |       |       |     1 |       ||     1
         Maw               |       |       |       |     1 ||     1

Table legend: (Time is in decaauts)
 A = Elapsed time spent in this place.
 B = Non-inter-level travel time spent in this place.
 C = Inter-level travel time spent in this place.
 D = Time resting spent in this place.
 E = Time spent auto-exploring this place.
 F = Levels seen in this place.
 G = Mean time per level.
                   A        B        C        D        E       F      G
               +--------+--------+--------+--------+--------+-----+--------+
         Total |  12033 |  10739 |   1294 |    941 |   7450 |  20 |  601.7 |
       Dungeon |   9491 |   8371 |   1120 |    471 |   6144 |  12 |  790.9 |
        Temple |     23 |      1 |     22 |      0 |      0 |   1 |   23.0 |
          Lair |   1751 |   1599 |    152 |    331 |    962 |   4 |  437.8 |
     Snake Pit |      1 |      1 |      0 |      0 |      0 |   1 |    1.0 |
       Ossuary |    355 |    355 |      0 |      0 |    280 |   1 |  355.0 |
      Ice Cave |    408 |    408 |      0 |    139 |     64 |   1 |  408.0 |
               +--------+--------+--------+--------+--------+-----+--------+

Top non-repeatable levels by time:
     D:6: 1667 daAuts
     D:1: 1199 daAuts
     D:5: 1119 daAuts
    D:11: 1096 daAuts
    D:10: 959 daAuts
  Lair:1: 873 daAuts
     D:7: 830 daAuts
     D:8: 663 daAuts
     D:3: 547 daAuts
     D:4: 484 daAuts
     D:2: 481 daAuts
  Lair:3: 425 daAuts
   IceCv: 408 daAuts
     D:9: 399 daAuts
 Ossuary: 355 daAuts
